 Dungeon Crawl Stone Soup version 0.29.0-4-gdea44cf6ec (webtiles) character file.

Game seed: 8833401247554347569

13154 qw the Brawler (level 11, -6/105 HPs)
             Began as a Troll Cinder Acolyte on Aug 31, 2022.
             Was an Elder of Ignis.
             Mangled by a komodo dragon (9 damage)
             ... on level 1 of the Lair of Beasts.
             The game lasted 00:04:13 (7837 turns).

qw the Brawler (Troll Cinder Acolyte)               Turns: 7837, Time: 00:04:14

Health: -6/105     AC: 18    Str: 28    XL:     11   Next: 71%
Magic:  11/11      EV:  9    Int: 10    God:    Ignis [****..]
Gold:   587        SH:  0    Dex:  5    Spells: 12/12 levels left

rFire   + . .      SeeInvis .     - Unarmed
rCold   + . .      Faith    .   (no shield)
rNeg    . . .      Spirit   .   j - +2 robe {Will+}
rPois   .          Reflect  .   (helmet restricted)
rElec   .          Harm     .   m - +0 cloak
rCorr   .          Rampage  .   (gloves unavailable)
Will    +....                   (boots unavailable)
Stlth   +.........              (no amulet)
HPRegen 1.07/turn               d - +4 ring of protection
MPRegen 0.12/turn               h - ring of protection from cold

@: fiery-armoured
A: large, unfitting armour, claws 3, regeneration 1, shaggy fur 1, tough skin 1
a: Renounce Religion, Fiery Armour, Foxfire Swarm, Rising Flame


You were on level 1 of the Lair of Beasts.
You worshipped Ignis.
Ignis was greatly pleased with you.
You visited 2 branches of the dungeon, and saw 10 of its levels.

You collected 665 gold pieces.
You spent 78 gold pieces at shops.


Innate Abilities, Weirdness & Mutations

You are too large for most types of armour.
You have claws for hands.
Your natural rate of healing is unusually fast.
You are covered in fur. (AC +1)
You have tough skin. (AC +1)


   Skills:
 + Level 6.2 Fighting
 - Level 6.1 Throwing
 - Level 1.2 Armour
 - Level 2.2 Dodging
 - Level 16.0 Unarmed Combat
 - Level 1.0 Spellcasting
 - Level 2.1 Fire Magic


You had 12 spell levels left.
You didn't know any spells.
Your spell library contained the following spells:

 Spells                   Type           Power      Damage    Failure   Level
 Scorch                   Fire           8%         2d5       22%         2

Inventory:

Missiles
 g - 4 boomerangs
 n - 3 javelins (quivered)
 p - a large rock
Armour
 j - a +2 robe of willpower (worn)
 l - a +0 troll leather armour
 m - a +0 cloak (worn)
Jewellery
 d - a +4 ring of protection (left claw)
 h - a ring of protection from cold (right claw)
Scrolls
 b - a scroll of identify
Potions
 c - 2 potions of mutation
 e - 2 potions of might
 f - 9 potions of curing
 k - a potion of cancellation
 o - a potion of resistance

Dungeon Overview and Level Annotations

Branches:
Dungeon (9/15)             Temple (0/1) D:4            Lair (1/5) D:9
    Orc (0/2) D:9

Altars:
Hepliaklqana
Kikubaaqudgha
Trog
Uskayaw
Vehumet
Wu Jian
The Shining One

Shops:
D:3 (!   D:4 (

Annotations:
D:3 2 runed translucent doors, qw's ghost, amateur TeWr
D:6 1 runed translucent door, Crazy Yiuf


Message History

You kill the cane toad!
Your surroundings seem slightly different.
You feel sick.
You start resting.
You feel very sick.
There are monsters nearby!
7830 ||| Stepping ~*~*~tactically~*~*~ (hiding).
You feel sick.
7831 ||| Stepping ~*~*~tactically~*~*~ (hiding).
You feel sick.
You start resting.
You feel sick.
You feel yourself speed up.
You feel sick.
You are no longer poisoned.
There are monsters nearby!
The orange demon closely misses you.
The orange demon hits you but does no damage.
The orange demon is burned by your cloak of flames.
The orange demon is lightly wounded.
You scratch the orange demon.
The orange demon is lightly wounded.
You claw the orange demon!
The orange demon is moderately wounded.
The komodo dragon bites you.
The komodo dragon is burned by your cloak of flames.
The komodo dragon is lightly wounded.
The orange demon stings you.
The orange demon is burned by your cloak of flames.
The orange demon is moderately wounded.
The orange demon hits you but does no damage.
The orange demon is burned by your cloak of flames.
The orange demon is heavily wounded.
You mangle the orange demon!!
The orange demon is almost dead.
The orange demon stings you but does no damage.
The orange demon is burned by your cloak of flames.
The orange demon is almost dead.
The orange demon closely misses you. The komodo dragon bites you!
You die...

#.....l4. #.#### ##...
#......)# ##...#####....
#......l## #....#.......
.........# ##...........
.........# #...........
.........## #...........
..>......P###### ##..........
...........##..#####.........
...........4@....##......##.#
...........l.....##......# ##
..............#...#.%...##
........................#
...................#...#
...#...............#...##
.##..............##....#
........#####.###....##
.......## ### ##....##


You could see an orange demon and a komodo dragon.

Vanquished Creatures
  Erolcha (D:9)
  3 two-headed ogres
  Amaemon (Lair:1)
  2 wizards (D:9)
  A deep elf pyromancer (D:9)
  Maurice (D:8)
  An unseen horror zombie (D:8)
  A cane toad (Lair:1)
  3 komodo dragons
  2 trolls (D:9)
  2 wyverns
  A wraith (D:9)
  15 yaks
  Eustachio (D:6)
  A steam dragon (D:8)
  Menkaure (D:5)
  2 water moccasins
  3 orc warriors (D:9)
  2 ice beasts
  6 black bears
  4 centaurs
  4 bullfrogs
  5 necrophages
  5 scorpions
  11 wights
  4 killer bees (D:7)
  4 howler monkeys
  2 centaur zombies (D:8)
  3 hounds
  3 jellies
  4 orc priests
  A human zombie (D:8)
  3 iguanas
  Natasha (thrice) (D:3)
  7 orc wizards
  2 human simulacra (D:9)
  2 mummies (D:8)
  7 gnolls
  2 adders
  A shadow imp (D:7)
  3 white imps
  An ufetubus (D:5)
  4 worms
  2 dart slugs (D:3)
  22 orcs
  3 bats
  5 endoplasms
  A giant cockroach (D:4)
  9 goblins
  8 hobgoblins
  8 kobolds
  4 quokkas
  3 ball pythons
  A frilled lizard (D:2)
  4 rats
205 creatures vanquished.

Vanquished Creatures (others)
  42 fungi (D:9)
  57 plants (D:9)
99 creatures vanquished.

Grand Total: 304 creatures vanquished

Notes
Turn   | Place    | Note
-------+----------+-------------------------------------------
     0 | D:1      | qw the Troll Cinder Acolyte began the quest for the Orb.
     0 | D:1      | Reached XP level 1. HP: 22/22 MP: 1/1
     0 | D:1      | 0 ||| qw: Version: 0.1-a-97-g2dd2ca4
     0 | D:1      | 0 ||| qw: Game counter: 4621
     0 | D:1      | 0 ||| qw: Always use a shield: true
     0 | D:1      | 0 ||| qw: God list: Okawaru
     0 | D:1      | 0 ||| qw: Allow faded altars: false
     0 | D:1      | 0 ||| qw: Do Orc after D:15 true
     0 | D:1      | 0 ||| qw: Do second Lair branch before Depths: true
     0 | D:1      | 0 ||| qw: Lair rune preference: random
     0 | D:1      | 0 ||| qw: Plans: Normal
     0 | D:1      | 0 ||| PLANNING D:1-11
   268 | D:1      | Reached XP level 2. HP: 29/29 MP: 2/2
   592 | D:1      | 592 ||| READING scroll labelled UPREFO HUIXUW.
   593 | D:1      | 593 ||| READING scroll labelled WOSEUL AJYV.
   594 | D:1      | 594 ||| READING scroll labelled ACKOFE ZUSEO.
   595 | D:1      | 595 ||| DRINKING 2 smoky coppery potions.
   607 | D:2      | 607 ||| STAIRDANCE
   624 | D:2      | Found an ornate altar of the Wu Jian Council.
   710 | D:2      | Reached skill level 4 in Unarmed Combat
   926 | D:2      | Reached XP level 3. HP: 36/36 MP: 3/3
  1014 | D:2      | 1014 ||| Stepping ~*~*~tactically~*~*~ (stealth).
  1303 | D:2      | 1303 ||| UPGRADING to +4 ring of protection.
  1304 | D:2      | 1304 ||| READING scroll labelled OBRAGO VAUFAS.
  1305 | D:2      | 1305 ||| READING 2 scrolls of identify.
  1305 | D:2      | 1305 ||| IDENTIFYING pink potion
  1310 | D:3      | Found Ynavunla's Weapon Shop.
  1416 | D:3      | 1416 ||| Stepping ~*~*~tactically~*~*~ (stealth).
  1420 | D:3      | 1420 ||| Stepping ~*~*~tactically~*~*~ (stealth).
  1421 | D:3      | 1421 ||| Stepping ~*~*~tactically~*~*~ (stealth).
  1422 | D:3      | 1422 ||| Stepping ~*~*~tactically~*~*~ (stealth).
  1425 | D:3      | 1425 ||| Stepping ~*~*~tactically~*~*~ (stealth).
  1464 | D:3      | Identified the +12 spear of True Grit {vorpal, rF- rN++
                  | Dex+5}
  1475 | D:3      | Noticed Natasha
  1480 | D:3      | Killed Natasha
  1481 | D:3      | Reached skill level 1 in Throwing
  1481 | D:3      | Reached XP level 4. HP: 44/44 MP: 4/4
  1488 | D:3      | Noticed Natasha
  1489 | D:3      | 1489 ||| Stepping ~*~*~tactically~*~*~ (hiding).
  1500 | D:3      | Killed Natasha
  1501 | D:3      | Reached skill level 5 in Unarmed Combat
  1674 | D:3      | Found Rora's Distillery.
  1683 | D:3      | 1683 ||| BUYING 2 potions of curing (78 gold).
  1683 | D:3      | Bought 2 potions of curing for 78 gold pieces
  1683 | D:3      | 1683 ||| SHOPLISTING potion of curing (39 gold, have 25).
  1683 | D:3      | 1683 ||| SHOPLISTING potion of haste (130 gold, have 25).
  1683 | D:3      | 1683 ||| SHOPLISTING potion of resistance (130 gold, have
                  | 25).
  1704 | D:3      | Found a runed translucent door.
  1713 | D:3      | Noticed qw's ghost (amateur TeWr)
  1729 | D:3      | Noticed Natasha
  1734 | D:3      | Killed Natasha
  1735 | D:3      | Reached XP level 5. HP: 50/50 MP: 5/5
  1982 | D:3      | 1982 ||| Stepping ~*~*~tactically~*~*~ (hiding).
  2117 | D:3      | Found a runed translucent door.
  2247 | D:3      | 2247 ||| READING scroll labelled BURE DEDIVO.
  2272 | D:3      | 2272 ||| READING 3 scrolls of identify.
  2272 | D:3      | 2272 ||| IDENTIFYING murky grey potion
  2273 | D:3      | 2273 ||| READING 2 scrolls of identify.
  2273 | D:3      | 2273 ||| IDENTIFYING puce potion
  2274 | D:3      | 2274 ||| DROPPING potion of lignification.
  2275 | D:3      | 2275 ||| DROPPING potion of flight.
  2306 | D:4      | 2306 ||| STAIRDANCE
  2430 | D:4      | 2430 ||| INVOKING Fiery Armour.
  2434 | D:4      | Reached skill level 6 in Unarmed Combat
  2586 | D:4      | Reached XP level 6. HP: 59/59 MP: 6/6
  2592 | D:4      | Found a hazy altar of Hepliaklqana.
  2598 | D:4      | Found Xorhocs's Weapon Boutique.
  2681 | D:4      | Found a staircase to the Ecumenical Temple.
  2912 | D:4      | 2912 ||| READING scroll labelled SISMIE OHOSA.
  2923 | D:5      | Entered Level 5 of the Dungeon
  2950 | D:5      | Reached skill level 7 in Unarmed Combat
  3005 | D:5      | 3005 ||| INVOKING Fiery Armour.
  3062 | D:5      | Reached XP level 7. HP: 66/66 MP: 7/7
  3068 | D:5      | 3068 ||| Stepping ~*~*~tactically~*~*~ (stealth).
  3070 | D:5      | 3070 ||| Stepping ~*~*~tactically~*~*~ (stealth).
  3071 | D:5      | Noticed a two-headed ogre
  3079 | D:5      | HP: 8/66 [two-headed ogre/+0 giant spiked club (21)]
  3081 | D:5      | 3081 ||| Stepping ~*~*~tactically~*~*~ (outnumbered).
  3082 | D:5      | Killed a two-headed ogre
  3083 | D:5      | Reached skill level 9 in Unarmed Combat
  3083 | D:5      | Reached XP level 8. HP: 12/74 MP: 8/8
  3086 | D:5      | HP: 14/74 [gnoll/+0 club (2)]
  3091 | D:5      | HP: 10/74 [acid (2)]
  3207 | D:5      | Reached skill level 3 in Fighting
  3307 | D:5      | Noticed Menkaure
  3314 | D:5      | Killed Menkaure
  3315 | D:5      | Reached skill level 3 in Throwing
  3503 | D:5      | 3503 ||| READING scroll labelled VUT VEOMUEM.
  3549 | D:6      | Noticed Eustachio
  3564 | D:6      | Killed Eustachio
  3572 | D:6      | 3572 ||| Stepping ~*~*~tactically~*~*~ (stealth).
  3584 | D:6      | Reached skill level 10 in Unarmed Combat
  3611 | D:6      | 3611 ||| Stepping ~*~*~tactically~*~*~ (hiding).
  3655 | D:6      | 3655 ||| Stepping ~*~*~tactically~*~*~ (outnumbered).
  3656 | D:6      | 3656 ||| Stepping ~*~*~tactically~*~*~ (outnumbered).
  3678 | D:6      | 3678 ||| Stepping ~*~*~tactically~*~*~ (stealth).
  3797 | D:6      | Reached XP level 9. HP: 74/84 MP: 9/9
  4038 | D:6      | Found a runed translucent door.
  4039 | D:6      | Noticed Crazy Yiuf
  4064 | D:6      | 4064 ||| UPGRADING to +0 cloak.
  4069 | D:6      | 4069 ||| READING scroll labelled UNIPAFYRIE.
  4070 | D:6      | 4070 ||| READING 3 scrolls of identify.
  4070 | D:6      | 4070 ||| IDENTIFYING glowing green potion
  4071 | D:6      | 4071 ||| READING 2 scrolls of identify.
  4071 | D:6      | 4071 ||| IDENTIFYING ruby potion
  4072 | D:6      | 4072 ||| DROPPING potion of brilliance.
  4097 | D:7      | Found a hide-covered altar of Uskayaw.
  4142 | D:7      | 4142 ||| Stepping ~*~*~tactically~*~*~ (stealth).
  4153 | D:7      | 4153 ||| FLEEEEING.
  4182 | D:7      | Reached skill level 11 in Unarmed Combat
  4197 | D:7      | Found a glowing golden altar of the Shining One.
  4210 | D:7      | 4210 ||| Stepping ~*~*~tactically~*~*~ (stealth).
  4227 | D:7      | 4227 ||| Stepping ~*~*~tactically~*~*~ (stealth).
  4229 | D:7      | 4229 ||| Stepping ~*~*~tactically~*~*~ (stealth).
  4232 | D:7      | 4232 ||| Stepping ~*~*~tactically~*~*~ (stealth).
  4234 | D:7      | 4234 ||| Stepping ~*~*~tactically~*~*~ (stealth).
  4357 | D:7      | 4357 ||| Stepping ~*~*~tactically~*~*~ (hiding).
  4537 | D:7      | Found a bloodstained altar of Trog.
  4672 | D:7      | Reached skill level 12 in Unarmed Combat
  4938 | D:7      | 4938 ||| UPGRADING to ring of protection from cold.
  4939 | D:7      | 4939 ||| READING scroll labelled MIAVYPR WUIGH.
  5108 | D:7      | 5108 ||| Stepping randomly (stuck).
  5470 | D:8      | Found a radiant altar of Vehumet.
  5543 | D:8      | 5543 ||| Stepping ~*~*~tactically~*~*~ (stealth).
  5550 | D:8      | 5550 ||| FLEEEEING.
  5556 | D:8      | 5556 ||| Stepping ~*~*~tactically~*~*~ (outnumbered).
  5558 | D:8      | 5558 ||| Stepping ~*~*~tactically~*~*~ (outnumbered).
  5559 | D:8      | 5559 ||| Stepping ~*~*~tactically~*~*~ (outnumbered).
  5560 | D:8      | 5560 ||| Stepping ~*~*~tactically~*~*~ (outnumbered).
  5561 | D:8      | 5561 ||| Stepping ~*~*~tactically~*~*~ (outnumbered).
  5562 | D:8      | 5562 ||| Stepping ~*~*~tactically~*~*~ (outnumbered).
  5563 | D:8      | 5563 ||| Stepping ~*~*~tactically~*~*~ (outnumbered).
  5574 | D:8      | Reached XP level 10. HP: 85/96 MP: 10/10
  5590 | D:8      | Noticed Maurice
  5591 | D:8      | 5591 ||| Stepping ~*~*~tactically~*~*~ (hiding).
  5598 | D:8      | 5598 ||| Stepping ~*~*~tactically~*~*~ (hiding).
  5607 | D:8      | Killed Maurice
  5639 | D:8      | 5639 ||| Stepping ~*~*~tactically~*~*~ (hiding).
  5642 | D:8      | 5642 ||| Stepping ~*~*~tactically~*~*~ (hiding).
  5643 | D:8      | 5643 ||| Stepping ~*~*~tactically~*~*~ (hiding).
  5644 | D:8      | 5644 ||| Stepping ~*~*~tactically~*~*~ (hiding).
  5645 | D:8      | 5645 ||| Stepping ~*~*~tactically~*~*~ (hiding).
  5788 | D:8      | Reached skill level 13 in Unarmed Combat
  5788 | D:8      | 5788 ||| Stepping ~*~*~tactically~*~*~ (outnumbered).
  5789 | D:8      | 5789 ||| Stepping ~*~*~tactically~*~*~ (outnumbered).
  5798 | D:8      | Reached skill level 1 in Armour
  6191 | D:8      | Found an ancient bone altar of Kikubaaqudgha.
  6544 | D:8      | 6544 ||| READING scroll labelled VAVAEM QOKH.
  6545 | D:8      | 6545 ||| READING scroll labelled QIODAA ASAG.
  6549 | D:8      | 6549 ||| READING scroll labelled CESSIU EXTONT.
  6550 | D:8      | 6550 ||| READING 4 scrolls of identify.
  6550 | D:8      | 6550 ||| IDENTIFYING fizzy clear potion
  6551 | D:8      | 6551 ||| READING 3 scrolls of identify.
  6551 | D:8      | 6551 ||| IDENTIFYING lumpy clear potion
  6552 | D:8      | 6552 ||| DROPPING potion of degeneration.
  6578 | D:9      | 6578 ||| Stepping ~*~*~tactically~*~*~ (stealth).
  6591 | D:9      | 6591 ||| Stepping ~*~*~tactically~*~*~ (stealth).
  6592 | D:9      | 6592 ||| Stepping ~*~*~tactically~*~*~ (stealth).
  6606 | D:9      | 6606 ||| Stepping ~*~*~tactically~*~*~ (stealth).
  6608 | D:9      | 6608 ||| Stepping ~*~*~tactically~*~*~ (hiding).
  6615 | D:9      | 6615 ||| FLEEEEING.
  6616 | D:9      | 6616 ||| FLEEEEING.
  6823 | D:9      | 6823 ||| Stepping ~*~*~tactically~*~*~ (stealth).
  6824 | D:9      | 6824 ||| Stepping ~*~*~tactically~*~*~ (stealth).
  6831 | D:9      | 6831 ||| Stepping ~*~*~tactically~*~*~ (stealth).
  6838 | D:9      | 6838 ||| Stepping ~*~*~tactically~*~*~ (stealth).
  6839 | D:9      | 6839 ||| Stepping ~*~*~tactically~*~*~ (stealth).
  6840 | D:9      | 6840 ||| Stepping ~*~*~tactically~*~*~ (stealth).
  6842 | D:9      | 6842 ||| INVOKING Fiery Armour.
  6848 | D:9      | Reached skill level 14 in Unarmed Combat
  6870 | D:9      | Reached skill level 6 in Fighting
  6887 | D:9      | Reached XP level 11. HP: 95/105 MP: 11/11
  6903 | D:9      | Noticed a two-headed ogre
  6910 | D:9      | Killed a two-headed ogre
  6917 | D:9      | Found a staircase to the Lair.
  6949 | D:9      | Found a staircase to the Orcish Mines.
  6950 | D:9      | 6950 ||| Stepping ~*~*~tactically~*~*~ (stealth).
  6952 | D:9      | 6952 ||| Stepping ~*~*~tactically~*~*~ (hiding).
  6957 | D:9      | 6957 ||| Stepping ~*~*~tactically~*~*~ (hiding).
  6959 | D:9      | 6959 ||| INVOKING Fiery Armour.
  6974 | D:9      | Noticed Erolcha
  6984 | D:9      | Killed Erolcha
  6985 | D:9      | Reached skill level 6 in Throwing
  6985 | D:9      | HP: 20/105 [komodo dragon (19)]
  6986 | D:9      | 6986 ||| DRINKING potion of heal wounds.
  7187 | D:9      | Noticed a wizard
  7187 | D:9      | Noticed a wizard
  7188 | D:9      | 7188 ||| Stepping ~*~*~tactically~*~*~ (hiding).
  7191 | D:9      | Noticed a deep elf pyromancer
  7202 | D:9      | Noticed a two-headed ogre
  7203 | D:9      | Killed a wizard
  7206 | D:9      | Killed a deep elf pyromancer
  7207 | D:9      | Reached skill level 15 in Unarmed Combat
  7210 | D:9      | Killed a two-headed ogre
  7212 | D:9      | Killed a wizard
  7264 | D:9      | 7264 ||| Stepping ~*~*~tactically~*~*~ (stealth).
  7280 | D:9      | 7280 ||| Stepping ~*~*~tactically~*~*~ (hiding).
  7305 | D:9      | 7305 ||| Stepping ~*~*~tactically~*~*~ (stealth).
  7566 | D:9      | 7566 ||| PLANNING LAIR
  7566 | D:9      | 7566 ||| UPGRADING to +2 robe of willpower.
  7576 | D:9      | 7576 ||| DROPPING +0 robe.
  7577 | D:9      | 7577 ||| READING scroll labelled ZOBU SUGGE.
  7578 | D:9      | 7578 ||| READING 3 scrolls of identify.
  7578 | D:9      | 7578 ||| IDENTIFYING golden potion
  7579 | D:9      | 7579 ||| READING 2 scrolls of identify.
  7579 | D:9      | 7579 ||| IDENTIFYING yellow potion
  7606 | Lair:1   | Entered Level 1 of the Lair of Beasts
  7813 | Lair:1   | Noticed Amaemon
  7817 | Lair:1   | 7817 ||| INVOKING Fiery Armour.
  7824 | Lair:1   | HP: 26/105 [poisoned by Amaemon]
  7825 | Lair:1   | 7825 ||| READING scroll of teleportation.
  7826 | Lair:1   | Killed Amaemon
  7826 | Lair:1   | HP: 12/105 [poisoned by Amaemon]
  7827 | Lair:1   | Reached skill level 16 in Unarmed Combat
  7830 | Lair:1   | 7830 ||| Stepping ~*~*~tactically~*~*~ (hiding).
  7831 | Lair:1   | 7831 ||| Stepping ~*~*~tactically~*~*~ (hiding).
  7831 | Lair:1   | HP: 8/105 [poisoned by Amaemon]
  7836 | Lair:1   | HP: 9/105 [komodo dragon (2)]
  7836 | Lair:1   | HP: 3/105 [orange demon[Amaemon] (6)]
  7837 | Lair:1   | Mangled by a komodo dragon

Levels and vault maps discovered:
D:1:      mainiacjoe_arrival_reflecting_pool, layout_loops_ring
D:2:      layout_basic, basic_altar, serial_bayou_crossing
D:3:      layout_loops_ring, ebering_ghost_sewer_f, serial_shops,
          nicolae_shop_competitors_out_of_business, shop,
          chequers_hall_statues_y, uniq_natasha
D:4:      layout_basic, lemuel_doored_altar, minmay_temple_entry_trees,
          serial_shops, nicolae_shop_bloodbath_and_beyond
D:5:      layout_rooms, minmay_manual_mess, uniq_menkaure
D:6:      layout_rooms, uniq_eustachio, uniq_crazy_yiuf_cottage
D:7:      layout_basic, mainiacjoe_overflow_tiny_flanked, amcnicky_altar_gilded,
          mainiacjoe_overflow_concentric_impassable
D:8:      layout_layer_cave, lemuel_mausoleum_altar_kikubaaqudgha,
          lemuel_round_altar, uniq_maurice
D:9:      minmay_bloctagon_deflated, layout_irregular_city,
          due_lair_maze_entry_diamond, david_orc_2, bh_circular_ruins,
          uniq_erolcha
Lair:1:   layout_hall_layers, minivault_11, beast_lair_carwin_3,
          infiniplex_staircase_pool, uniq_amaemon

Skill      XL: |  1  2  3  4  5  6  7  8  9 10 11 |
---------------+----------------------------------+-----
Unarmed Combat | 4 5 6 7 9 10 12 14 16 | 16.0
Throwing       | 1 2 3 5 6 |  6.1
Fighting       | 4 5 6 |  6.2
Dodging        | 2 |  2.2
Armour         | 1 |  1.2
Spellcasting   | |  1.0
Fire Magic     | |  2.1

Action                   |  1- 3 |  4- 6 |  7- 9 | 10-12 || total
-------------------------+-------+-------+-------+-------++-------
Melee: Unarmed           |    87 |   104 |   157 |   221 ||   569
       Punch             |     1 |     2 |     3 |    13 ||    19
Throw: Large rock        |     6 |    18 |    15 |    13 ||    52
       Boomerang         |       |       |    14 |     8 ||    22
       Javelin           |       |       |     3 |    23 ||    26
Invok: Fiery Armour      |       |     2 |       |     3 ||     5
  Use: Scroll            |     5 |     4 |     5 |     9 ||    23
       Potion            |     1 |       |       |     1 ||     2
Armor: Robe              |    23 |    39 |    45 |    77 ||   184
Dodge: Dodged            |    25 |    40 |    50 |    69 ||   184

Table legend:
 A = Non-vault XP
 B = Vault XP
 C = Vault XP percentage of total XP
 D = Non-vault monster count
 E = Vault monster count
 F = Vault count percentage of total count
                 A         B        C        D         E       F
            +---------+---------+-------+---------+---------+-------
      Total |   10023 |    8769 |  46.7 |     160 |      45 |  22.0
            +---------+---------+-------+---------+---------+-------
        D:1 |      22 |       0 |   0.0 |      13 |       0 |   0.0
        D:2 |      45 |       0 |   0.0 |      16 |       0 |   0.0
        D:3 |     124 |      35 |  22.0 |      19 |       1 |   5.0
        D:4 |     248 |       0 |   0.0 |      19 |       0 |   0.0
        D:5 |     349 |    1116 |  76.2 |      13 |       4 |  23.5
        D:6 |     769 |     202 |  20.8 |      16 |       1 |   5.9
        D:7 |    1407 |       0 |   0.0 |      20 |       0 |   0.0
        D:8 |    2063 |    1508 |  42.2 |      14 |      13 |  48.1
        D:9 |    3920 |    4773 |  54.9 |      25 |      22 |  46.8
     Lair:1 |    1076 |    1135 |  51.3 |       5 |       4 |  44.4
            +---------+---------+-------+---------+---------+-------
